 Dungeon Crawl Stone Soup version 0.20.1-1-g8b1a95d (webtiles) character file.

1113 letownia2 the Reanimator (level 8, 54/64 HPs)
             Began as a Deep Dwarf Necromancer on Nov 5, 2017.
             Was an Initiate of Gozag.
             Quit the game on level 7 of the Dungeon.
             The game lasted 00:16:56 (6233 turns).

letownia2 the Reanimator (Deep Dwarf Necromancer)   Turns: 6233, Time: 00:16:57

Health: 54/64      AC:  7    Str: 13    XL:     8   Next: 12%
Magic:  5/16       EV: 11    Int: 17    God:    Gozag
Gold:   254        SH:  0    Dex: 13    Spells: 14/18 levels left

rFire    . . .     SeeInvis .   a - +0 short sword
rCold    . . .     Gourm    .   (no shield)
rNeg     . . .     Faith    .   r - +0 ring mail
rPois    .         Spirit   .   (no helmet)
rElec    .         Reflect  .   (no cloak)
rCorr    +         Harm     .   (no gloves)
MR       +....                  E - +1 pair of boots
Stlth    +.........             (no amulet)
Regen    0.0/turn               n - ring of resist corrosion
MPRegen  0.2/turn               (no ring)

@: non-regenerating
A: damage resistance, heal wounds, sense surroundings 1, no regeneration
a: Heal Wounds, Potion Petition, Call Merchant, Bribe Branch, Renounce Religion


You were on level 7 of the Dungeon.
You worshipped Gozag.
Gozag was aware of your devotion.
You were not hungry.

You visited 1 branch of the dungeon, and saw 7 of its levels.
You also visited: Sewer.

You collected 908 gold pieces.
You paid 654 gold pieces to Gozag.

Inventory:

Hand Weapons
 a - a +0 short sword (weapon)
Missiles
 h - a throwing net (quivered)
 y - 9 poisoned needles
Armour
 o - a +0 leather armour
 r - a +0 ring mail (worn)
 E - a +1 pair of boots (worn)
Jewellery
 i - an uncursed amulet of harm
 n - a ring of resist corrosion (left hand)
Scrolls
 c - a scroll of fog {unknown}
 f - 4 scrolls of remove curse
 k - 3 scrolls of identify
 m - 2 scrolls of recharging {unknown}
 q - 7 scrolls of teleportation
 t - 3 scrolls of fear {unknown}
 u - a scroll of magic mapping {unknown}
 w - 2 scrolls of amnesia {unknown}
 x - a scroll of enchant armour {unknown}
Potions
 e - 2 potions of haste
 j - 2 potions of mutation {unknown}
 l - 2 potions of lignification {unknown}
 p - 3 potions of curing {unknown}
 v - 2 potions of brilliance
 z - a potion of cancellation
 A - a potion of might {unknown}
 B - a potion of flight {unknown}
 C - a potion of invisibility
 D - a potion of degeneration {unknown}
Books
 b - a book of Necromancy

   Spells                             Type                      Level
   a - Pain                           Necromancy                   1
   b - Animate Skeleton               Necromancy                   1
   c - Vampiric Draining              Necromancy                   3
   d - Regeneration                   Charms/Necromancy            3
   e - Animate Dead                   Necromancy                   4
   f - Control Undead                 Necromancy                   4
 s - a book of Misfortune

   Spells                             Type                      Level
   a - Confusing Touch                Hexes                        1
   b - Confuse                        Hexes                        3
   c - Gell's Gravitas                Translocation                3
   d - Petrify                        Transmutation/Earth          4
   e - Metabolic Englaciation         Hexes/Ice                    5
   f - Yara's Violent Unravelling     Hexes/Transmutation          5
Comestibles
 d - 2 meat rations
 g - 2 fruits
 F - a royal jelly


   Skills:
 - Level 1.0 Fighting
 - Level 1.2 Armour
 - Level 2.1 Dodging
 - Level 2.4 Stealth
 + Level 5.8 Spellcasting
 - Level 8.4 Necromancy


You had 14 spell levels left.
You knew the following spells:

 Your Spells              Type           Power        Failure   Level  Hunger
a - Pain                  Necr           ####         1%          1    None
v - Vampiric Draining     Necr           ####......   2%          3    ##.....


Dungeon Overview and Level Annotations

Branches:
Dungeon (7/15)
 Temple: D:4-7

Altars:
Gozag
Trog
Vehumet

Shops:
D:5 *   D:7 [

Annotations:
D:5 letownia2's ghost, amateur DDNe
D:6 Dowan; Duvessa


Innate Abilities, Weirdness & Mutations

You are resistant to damage.
You can heal yourself by infusing magical energy.
You passively map a small area around you.
You do not regenerate.


Message History

Press: ? - help, Shift-Dir - straight line, f/p - worker ant
Aim: a worker ant (severely wounded)
You kill the worker ant!
You feel life coursing into your body.
You now have 807 gold pieces (gained 6). [a] 623 gold - Poekh's Food Shoppe [b] 553 gold - Retzaub's Armour Shoppe [c] 541 gold - Booff's Jewellery Shop [d] 551 gold - Wisheapset's Assorted Antiques Fund which merchant?
You no longer have enough gold to petition Gozag for potion effects.
You no longer have enough gold to fund merchants seeking to open stores in the dungeon.
Retzaub invites you to visit her Armour Shoppe.
You start resting.
You are no longer poisoned.
Unknown command.
Put on which piece of jewellery? (? for menu, Esc to quit)
Okay, then.
Okay, then.
Are you sure you want to abandon this character and quit the game? (Confirm with "yes".)

#...........# * *
#...........+ , ,
#...........# ,
,, ..........# ,
, , .........###,
, , #.........+ ,
#.......# *
####.......####
**
#.........@'.<#,
#.##.......####[#
#.####..........#
,
#.####.########.#
#......# , ,, , ,
######## * * ,* *
, *, * , ,*


There were no monsters in sight!

Vanquished Creatures
  The ghost of Ymberto the Magician, an amateur DEEE (Sewer)
  Eustachio (D:4)
  An ogre (D:4)
  2 centaurs
  2 scorpions
  2 hounds
  An orc priest (D:4)
  An iguana (D:3)
  2 orc wizards (D:4)
  2 worker ants
  A killer bee zombie (D:6)
  A worker ant zombie (D:7)
  12 adders
  5 oozes
  10 worms
  2 dart slugs
  4 leopard geckos
  5 orcs
  11 bats
  A giant cockroach (D:3)
  5 goblins
  3 hobgoblins (D:1)
  4 jackals (Sewer)
  11 kobolds
  4 quokkas
  3 ball pythons
  8 frilled lizards
  A jackal skeleton (D:4)
  7 rats
113 creatures vanquished.

Notes
Turn   | Place    | Note
-------+----------+-------------------------------------------
     0 | D:1      | letownia2 the Deep Dwarf Necromancer began the quest for the Orb.
     0 | D:1      | Reached XP level 1. HP: 15/15 MP: 3/3
   335 | D:2      | Reached XP level 2. HP: 16/22 MP: 5/5
   413 | D:2      | Reached skill level 5 in Necromancy
   413 | D:2      | Reached XP level 3. HP: 20/28 MP: 2/6
   455 | D:2      | Learned a level 3 spell: Vampiric Draining
   745 | D:4      | Noticed a scorpion
   793 | D:4      | Killed a scorpion
   793 | D:4      | Reached XP level 4. HP: 32/36 MP: 0/8
  1059 | D:4      | Found an opulent altar of Gozag.
  1301 | D:4      | Noticed a centaur
  1500 | D:3      | Reached skill level 6 in Necromancy
  1500 | D:3      | Reached XP level 5. HP: 11/42 MP: 0/9
  1630 | D:4      | Noticed Eustachio
  1870 | D:4      | Killed Eustachio
  1870 | D:4      | Reached skill level 7 in Necromancy
  1870 | D:4      | Reached XP level 6. HP: 13/49 MP: 4/10
  2193 | D:4      | Reached skill level 8 in Necromancy
  2618 | D:3      | Found an opulent altar of Gozag.
  2624 | D:3      | Became a worshipper of Gozag Ym Sagoz the Greedy
  3432 | D:2      | Reached skill level 1 in Armour
  3581 | D:2      | Reached XP level 7. HP: 39/56 MP: 9/11
  3644 | D:2      | Reached skill level 1 in Fighting
  4431 | D:5      | Entered Level 5 of the Dungeon
  4438 | D:5      | Found a radiant altar of Vehumet.
  4456 | D:5      | Found Ykurghur's Assorted Antiques.
  4481 | D:5      | Found a glowing drain.
  4639 | D:5      | Noticed letownia2's ghost (amateur DDNe)
  4913 | Sewer    | Entered a sewer
  5033 | Sewer    | Noticed Ymberto's ghost (amateur DEEE)
  5046 | Sewer    | Killed Ymberto's ghost
  5376 | Sewer    | Reached skill level 5 in Spellcasting
  5919 | D:6      | Noticed Duvessa
  5919 | D:6      | Noticed Dowan
  6054 | D:6      | Reached XP level 8. HP: 31/64 MP: 5/16
  6066 | D:6      | Found a bloodstained altar of Trog.
  6233 | D:7      | Quit the game

Skill      XL: |  1  2  3  4  5  6  7 |
---------------+----------------------+-----
Spellcasting   | 2 3 5 |  5.8
Necromancy     | 5 6 7 8 |  8.4
Armour         | 1 |  1.2
Fighting       | 1 |  1.0
Dodging        | |  2.1
Stealth        | |  2.4

Action                   |  1- 3 |  4- 6 |  7- 9 || total
-------------------------+-------+-------+-------++-------
Melee: Short sword       |     1 |     9 |    99 ||   109
 Cast: Pain              |    31 |    74 |    68 ||   173
       Vampiric Draining |     2 |    30 |    35 ||    67
Invok: Potion Petition   |       |       |     1 ||     1
       Call Merchant     |       |       |     1 ||     1
  Use: Scroll            |       |       |     5 ||     5
 Stab: Sleeping          |       |       |     1 ||     1
  Eat: Chunk             |       |     9 |       ||     9
       Royal jelly       |       |     1 |     2 ||     3
       Bread ration      |       |     1 |       ||     1
       Meat ration       |       |       |     1 ||     1
Armor: Robe              |     2 |       |       ||     2
       Leather armour    |       |    15 |       ||    15
       Ring mail         |       |     1 |    41 ||    42
Dodge: Dodged            |     6 |    43 |   100 ||   149
